 Dungeon Crawl Stone Soup version 0.25-a0-578-gc91f01c39c (webtiles) character file.

Game seed: 9999302111817951016, levelgen mode: deterministic

88 An17 the Sneak (level 4, -1/24 HPs)
             Began as a Vampire Enchanter on Mar 3, 2020.
             Slain by Natasha (6 damage)
             ... on level 2 of the Dungeon.
             The game lasted 00:04:07 (1065 turns).

An17 the Sneak (Vampire Enchanter)                  Turns: 1065, Time: 00:04:07

Health: -1/24      AC:  5    Str:  7    XL:     4   Next: 30%
Magic:  0/7        EV: 14    Int: 17    God:
Gold:   43         SH:  0    Dex: 15    Spells: 5/8 levels left

rFire    . . .     SeeInvis +   a - +2 dagger
rCold    + + .     Gourm    .   (no shield)
rNeg     + + +     Faith    .   c - +1 leather armour
rPois    ∞         Spirit   .   (no helmet)
rElec    .         Reflect  .   e - +0 cloak
rCorr    .         Harm     .   (no gloves)
MR       .....                  (no boots)
Stlth    +++++.....             (no amulet)
HPRegen  0.00/turn              h - +2 ring of evasion
MPRegen  0.10/turn              (no ring)

@: bloodless
A: no food, fangs 3, see invisible, unbreathing
a: Bat Form, Revivify


You were on level 2 of the Dungeon.
You were bloodless.

You visited 1 branch of the dungeon, and saw 2 of its levels.

You collected 43 gold pieces.

Inventory:

Hand Weapons
 a - a +2 dagger (weapon)
Armour
 c - a +1 leather armour (worn)
 e - a +0 cloak (worn)
Jewellery
 h - a +2 ring of evasion (left hand)
Scrolls
 b - 2 scrolls of identify
 f - a scroll of enchant weapon
Potions
 d - a potion of magic
 g - 2 potions of heal wounds {unknown}
 i - a potion of flight {unknown}
 j - a potion of curing {unknown}


   Skills:
 + Level 0.1 Fighting
 + Level 1.5 Short Blades
 + Level 0.8 Armour
 + Level 2.5 Dodging
 + Level 5.7 Stealth
 + Level 2.5 Spellcasting
 + Level 5.2 Hexes
 + Level 0.2 Ice Magic


You had 5 spell levels left.
You knew the following spells:

 Your Spells              Type           Power        Failure   Level  Hunger
a - Corona                Hex            ###....      3%          1    N/A
b - Ensorcelled Hibernat  Hex/Ice        ##....       13%         2    N/A

Your spell library contained the following spells:

 Spells                   Type           Power        Failure   Level  Hunger
 Confusing Touch          Hex            ###.....     10%         3    N/A
 Tukima's Dance           Hex            ###.....     10%         3    N/A
 Dazzling Flash           Conj/Hex       ##....       28%         3    N/A

Dungeon Overview and Level Annotations

Branches:
Dungeon (2/15)

Altars:

Annotations:
D:2 Natasha


Innate Abilities, Weirdness & Mutations

You do not eat.
You do not regenerate when monsters are visible.
You are frail without blood (-20% HP).
You can heal yourself when you bite living creatures.
You are immune to poison.
You have razor-sharp teeth.
You have supernaturally acute eyesight. (SInv)
You can survive without breathing.


Message History

Natasha casts a spell at you. The magic dart hits you!
* * * LOW HITPOINT WARNING * * *
A leopard gecko comes into view.
Casting: Ensorcelled Hibernation (safe; 13% risk of failure)
Confirm with . or Enter, or press ? or * to list all spells.
Aiming: Ensorcelled Hibernation (safe; 13% risk of failure)
Press: ? - help, Shift-Dir - straight line, f - Natasha
Aim: Natasha (chance to defeat MR: 42%) Natasha resists with some effort.
Natasha misses you.
Okay, then.
Natasha barely misses you.
Your magical contamination has completely faded away.
You hit Natasha.
Natasha is lightly wounded.
Natasha closely misses you.
You hit Natasha.
Natasha is moderately wounded.
Natasha claws you.
You die...

##############...#.....###%....#
########### #####.............#
..........########............##
................#####.....)...#
................# #.........#
..............†.## #.........#
.................# #.........#
.................# #.........#
.......(.(......@# #.........#
#..............h.# #.........#
#.................# ##.########
######....######l# #. #....# ..#
#.# #.... #.# #.# .. #.###.#
####.....## ..........#


You could see Natasha and a leopard gecko.

Vanquished Creatures
  Terence (D:2)
  An adder (D:2)
  2 oozes (D:1)
  3 dart slugs (D:1)
  2 leopard geckos (D:1)
  3 bats (D:1)
  2 giant cockroaches (D:1)
  10 goblins
  3 hobgoblins (D:1)
  A ball python (D:1)
  4 kobolds
  4 rats (D:1)
36 creatures vanquished.

Notes
Turn   | Place    | Note
-------+----------+-------------------------------------------
     0 | D:1      | An17 the Vampire Enchanter began the quest for the Orb.
     0 | D:1      | Reached XP level 1. HP: 13/13 MP: 3/3
   113 | D:1      | Reached XP level 2. HP: 13/19 MP: 5/5
   127 | D:1      | Learned a level 2 spell: Ensorcelled Hibernation
   211 | D:1      | Reached skill level 5 in Hexes
   236 | D:1      | Reached skill level 5 in Stealth
   284 | D:1      | Reached XP level 3. HP: 12/19 MP: 6/6
   978 | D:2      | Noticed Terence
  1018 | D:2      | Killed Terence
  1018 | D:2      | Reached XP level 4. HP: 21/24 MP: 3/7
  1056 | D:2      | Noticed Natasha
  1065 | D:2      | Slain by Natasha

Levels and vault maps discovered:
D:1:      dpeg_arrival_oval, layout_basic, minmay_small_reverse_x
D:2:      layout_basic, uniq_sigmund, uniq_terence, uniq_natasha

Skill      XL: |  1  2 |
---------------+-------+-----
Hexes          | 5 |  5.2
Stealth        | 5 |  5.7
Fighting       | |  0.1
Short Blades   | |  1.5
Armour         | |  0.8
Dodging        | |  2.5
Spellcasting   | |  2.5
Ice Magic      | |  0.2

Action                   |  1- 3 |  4- 6 || total
-------------------------+-------+-------++-------
Melee: Dagger            |    77 |    10 ||    87
       Bite              |     7 |     1 ||     8
 Cast: Ensorcelled Hiber |     9 |     3 ||    12
 Abil: Exsanguinate      |     1 |       ||     1
  Use: Scroll            |     7 |     1 ||     8
 Stab: Sleeping          |    20 |       ||    20
Armor: Leather armour    |    15 |     2 ||    17
Dodge: Dodged            |    44 |     9 ||    53

Table legend:
 A = Non-vault XP
 B = Vault XP
 C = Vault XP percentage of total XP
 D = Non-vault monster count
 E = Vault monster count
 F = Vault count percentage of total count
                 A         B        C        D         E       F
            +---------+---------+-------+---------+---------+-------
      Total |      83 |      44 |  34.6 |      31 |       5 |  13.9
            +---------+---------+-------+---------+---------+-------
        D:1 |      61 |       6 |   9.0 |      24 |       4 |  14.3
        D:2 |      22 |      38 |  63.3 |       7 |       1 |  12.5
            +---------+---------+-------+---------+---------+-------
